 Dungeon Crawl Stone Soup version 0.20.2-3-g29329e0561 (webtiles) character file.

104 Alfie the Skirmisher (level 4, 0/41 HPs)
             Began as a Hill Orc Fighter on Feb 29, 2024.
             Slain by Alfie's ghost (5 damage)
             ... in a sewer.
             The game lasted 00:03:45 (2142 turns).

Alfie the Skirmisher (Hill Orc Fighter)             Turns: 2142, Time: 00:03:46

Health: 0/41       AC:  8    Str: 24    XL:     4   Next: 80%
Magic:  4/4        EV:  7    Int:  8    God:
Gold:   115        SH:  9    Dex: 10    Spells: 3/3 levels left

rFire    . . .     SeeInvis .   a - +0 rapier
rCold    . . .     Gourm    +   c - +0 shield
rNeg     . . .     Faith    .   b - +0 scale mail
rPois    .         Spirit   .   (no helmet)
rElec    .         Reflect  .   m - +0 cloak
rCorr    .         Harm     .   (no gloves)
MR       .....                  (no boots)
Stlth    ..........             j - amulet of the gourmand
Regen    0.2/turn               (no ring)
MPRegen  0.1/turn               (no ring)

@: mighty, very slow
A: no striking features
a: no special abilities


You were in a sewer.
You were hungry.

You visited 1 branch of the dungeon, and saw 3 of its levels.
You also visited: Sewer.

You collected 115 gold pieces.

Inventory:

Hand Weapons
 a - a +0 rapier (weapon)
Missiles
 l - 3 tomahawks (quivered)
Armour
 b - a +0 scale mail (worn)
 c - a +0 shield (worn)
 m - a +0 cloak (worn)
Jewellery
 j - an amulet of the gourmand (around neck)
Scrolls
 e - 4 scrolls of remove curse
 g - a scroll of identify
 k - a scroll of enchant armour {unknown}
 n - 2 scrolls of teleportation
 o - a scroll of enchant weapon {unknown}
Potions
 d - a potion of might
 h - 2 potions of heal wounds {unknown}
 i - 3 potions of curing {unknown}
Comestibles
 f - 3 bread rations


   Skills:
 + Level 4.4 Fighting
 + Level 3.2 Short Blades
 + Level 3.8 Armour
 + Level 0.5 Dodging
 + Level 3.9 Shields


You had 3 spell levels left.
You didn't know any spells.

Dungeon Overview and Level Annotations

Branches:
Dungeon (3/15)

Altars:
Ashenzari
Okawaru
Sif Muna

Annotations:
Sewer Alfie's ghost, amateur HOFi


Message History

Alfie's ghost hits you.
* * * LOW HITPOINT WARNING * * *
Your unstable footing causes you to fumble your attack.
Alfie's ghost hits you but does no damage.
You barely miss Alfie's ghost.
Alfie's ghost is moderately damaged.
Alfie's ghost hits you but does no damage.
Your unstable footing causes you to fumble your attack.
You block Alfie's ghost's attack.
Your unstable footing causes you to fumble your attack.
You block Alfie's ghost's attack.
Your unstable footing causes you to fumble your attack.
You block Alfie's ghost's attack.
Your unstable footing causes you to fumble your attack.
Alfie's ghost hits you but does no damage.
You barely miss Alfie's ghost.
Alfie's ghost is moderately damaged.
Alfie's ghost hits you but does no damage.
Alfie's ghost hits you.
You die...

#.≈≈ #.≈≈ ..≈≈≈ #.≈≈≈
#.≈≈≈. #≈≈≈≈≈#
..≈≈≈..####################
≈.≈≈≈≈≈≈≈W@≈≈≈≈≈≈≈≈≈≈≈≈†≈≈.
.≈≈≈≈≈≈####################
..≈≈≈≈≈ .≈≈≈≈≈. ≈≈≈W≈≈.
.≈≈≈≈≈. .≈≈≈≈≈. .≈h≈≈≈.


You could see Alfie's ghost.

Vanquished Creatures
  A gnoll (D:1)
  3 adders
  A river rat (D:3)
  3 worms
  A dart slug (D:1)
  2 leopard geckos
  An orc (D:3)
  5 giant cockroaches (D:3)
  5 goblins
  3 hobgoblins
  5 kobolds
  A quokka (D:3)
  A bat (D:3)
  2 frilled lizards (D:3)
  16 rats
50 creatures vanquished.

Notes
Turn   | Place    | Note
-------+----------+-------------------------------------------
     0 | D:1      | Alfie the Hill Orc Fighter began the quest for the Orb.
     0 | D:1      | Reached XP level 1. HP: 19/19 MP: 1/1
   136 | D:1      | Reached XP level 2. HP: 23/27 MP: 2/2
   537 | D:1      | Reached skill level 4 in Fighting
   700 | D:1      | You fall through a shaft!
   795 | D:2      | Reached XP level 3. HP: 26/33 MP: 3/3
  1207 | D:2      | Found a deep blue altar of Sif Muna.
  1265 | D:2      | Found an iron altar of Okawaru.
  1580 | D:2      | Reached XP level 4. HP: 31/40 MP: 4/4
  1733 | D:3      | Found a shattered altar of Ashenzari.
  2026 | D:3      | Found a glowing drain.
  2067 | Sewer    | Entered a sewer
  2123 | Sewer    | Noticed Alfie's ghost (amateur HOFi)
  2142 | Sewer    | Slain by Alfie's ghost

Skill      XL: |  1  2  3  4 |
---------------+-------------+-----
Fighting       | 4 |  4.4
Short Blades   | 3 |  3.2
Armour         | |  3.8
Dodging        | |  0.5
Shields        | |  3.9

Action                   |  1- 3 |  4- 6 || total
-------------------------+-------+-------++-------
Melee: Rapier            |   102 |   111 ||   213
  Use: Scroll            |       |     2 ||     2
       Potion            |       |     1 ||     1
  Eat: Fruit             |     2 |     1 ||     3
       Chunk             |       |     1 ||     1
Armor: Scale mail        |    25 |    52 ||    77
Dodge: Dodged            |    23 |    40 ||    63
Block: Shield            |    38 |    81 ||   119
